 Dungeon Crawl Stone Soup version 0.24.0-125-gc4c63601f3 (webtiles) character file.

Game seed: 4398037470397168211, levelgen mode: deterministic

228 krokodil the Conjurer (level 5, -19/28 HPs)
             Began as a Deep Elf Conjurer on Mar 7, 2020.
             Was an Initiate of Kikubaaqudgha.
             Demolished by an ogre
             ... wielding a cursed -1 giant club
              (25 damage)
             ... on level 4 of the Dungeon.
             The game lasted 00:09:47 (2353 turns).

krokodil the Conjurer (Deep Elf Conjurer)           Turns: 2353, Time: 00:09:47

Health: -19/28     AC:  2    Str:  5    XL:     5   Next: 71%
Magic:  1/14       EV: 16    Int: 21    God:    Kikubaaqudgha [......]
Gold:   144        SH:  0    Dex: 15    Spells: 0/14 levels left

rFire    + . .     SeeInvis .   (no weapon)
rCold    x . .     Gourm    .   (no shield)
rNeg     . . .     Faith    .   a - +0 robe
rPois    .         Spirit   .   (no helmet)
rElec    .         Reflect  .   (no cloak)
rCorr    .         Harm     .   (no gloves)
MR       .....                  (no boots)
Stlth    ++........             (no amulet)
HPRegen  0.09/turn              k - +3 ring of evasion
MPRegen  0.14/turn              s - ring of fire

@: no status effects
A: no striking features
a: Renounce Religion


You were on level 4 of the Dungeon.
You worshipped Kikubaaqudgha.
Kikubaaqudgha was noncommittal.
You were not hungry.

You visited 1 branch of the dungeon, and saw 4 of its levels.

You collected 144 gold pieces.

Inventory:

Hand Weapons
 i - a +0 dagger of flaming
Missiles
 d - a throwing net (quivered)
 q - 37 poisoned darts
Armour
 a - a +0 robe (worn)
Jewellery
 k - a +3 ring of evasion (left hand)
 s - a ring of fire (right hand)
Scrolls
 e - 3 scrolls of enchant weapon {unknown}
 f - 5 scrolls of immolation {unknown}
 h - 2 scrolls of remove curse {unknown}
 l - 2 scrolls of teleportation {unknown}
 m - a scroll of magic mapping {unknown}
 o - a scroll of amnesia {unknown}
 r - a scroll of fog {unknown}
Potions
 b - 2 potions of resistance {unknown}
 g - 4 potions of curing {unknown}
 j - a potion of magic {unknown}
 n - a potion of brilliance {unknown}
 p - a potion of heal wounds {unknown}
Comestibles
 c - 15 rations
 t - a chunk of flesh


   Skills:
 - Level 2.4 Dodging
 - Level 2.4 Stealth
 + Level 5.2 Spellcasting
 * Level 6.8 Conjurations


You couldn't memorise any spells.
You knew the following spells:

 Your Spells              Type           Power        Failure   Level  Hunger
a - Magic Dart            Conj           ####         1%          1    None
b - Searing Ray           Conj           ####..       1%          2    None
c - Dazzling Spray        Conj/Hex       ###...       8%          3    ##.....
d - Iskenderun's Mystic   Conj           ####....     6%          4    ####...
e - Fulminant Prism       Conj/Hex       ###.......   26%         4    ####...

Your spell library contained the following spells:

 Spells                   Type           Power        Failure   Level  Hunger
 Force Lance              Conj/Tloc      ###.....     26%         4    ####...


Dungeon Overview and Level Annotations

Branches:
Dungeon (4/15)
 Temple: D:4-7

Altars:
Kikubaaqudgha
Wu Jian
The Shining One


Message History

Casting: Searing Ray (safe; 1% risk of failure)
Confirm with . or Enter, or press ? or * to list all spells.
Okay, then.
Casting: Searing Ray (safe; 1% risk of failure)
Confirm with . or Enter, or press ? or * to list all spells.
Aiming: Magic Dart (safe; 1% risk of failure)
Press: ? - help, Shift-Dir - straight line, f/p - ogre
Aim: an ogre, wielding a -1 giant club (severely wounded)
Okay, then.
Casting: Magic Dart (safe; 1% risk of failure)
Confirm with . or Enter, or press ? or * to list all spells.
Aiming: Magic Dart (safe; 1% risk of failure)
Press: ? - help, Shift-Dir - straight line, f/p - ogre
Aim: an ogre, wielding a -1 giant club (severely wounded)
The magic dart hits the ogre.
The ogre is almost dead.
The ogre hits you with a cursed -1 giant club!!
Ouch! That really hurt!
You die...
Kikubaaqudgha rasps: "You have failed me!
Welcome... death!"

...........#.#####..
#.#####....#[# .
###..#<# .# #..#.#.#
## #######..#..##
O.. .............#
...
#######.#####.#..#
#.######...#
#.@O.......#
#########.## ## ##.
##.. #..# #...


You could see an ogre.

Vanquished Creatures
  An ice beast (D:4)
  8 adders
  A dart slug (D:3)
  4 leopard geckos
  3 orcs
  A ball python (D:2)
  A bat zombie (D:3)
  3 giant cockroaches
  8 goblins
  9 hobgoblins
  3 jackals
  4 kobolds
  A quokka (D:3)
  4 bats
  A frilled lizard (D:3)
  3 rats
  3 rat zombies (D:3)
58 creatures vanquished.

Notes
Turn   | Place    | Note
-------+----------+-------------------------------------------
     0 | D:1      | krokodil the Deep Elf Conjurer began the quest for the Orb.
     0 | D:1      | Reached XP level 1. HP: 10/10 MP: 6/6
   307 | D:1      | Reached XP level 2. HP: 15/15 MP: 5/8
   719 | D:1      | Learned a level 2 spell: Searing Ray
   756 | D:2      | Reached skill level 5 in Conjurations
   847 | D:2      | Reached XP level 3. HP: 19/19 MP: 5/10
   945 | D:2      | Found an ornate altar of the Wu Jian Council.
   945 | D:2      | Found a glowing golden altar of the Shining One.
  1474 | D:3      | Learned a level 3 spell: Dazzling Spray
  1527 | D:2      | Reached XP level 4. HP: 15/24 MP: 0/12
  1720 | D:3      | Reached skill level 6 in Conjurations
  2118 | D:3      | Found an ancient bone altar of Kikubaaqudgha.
  2126 | D:3      | Became a worshipper of Kikubaaqudgha
  2134 | D:3      | Learned a level 4 spell: Iskenderun's Mystic Blast
  2200 | D:4      | Reached XP level 5. HP: 28/28 MP: 2/14
  2314 | D:4      | Noticed an ice beast
  2322 | D:4      | Killed an ice beast
  2322 | D:4      | Reached skill level 5 in Spellcasting
  2328 | D:4      | Learned a level 4 spell: Fulminant Prism
  2343 | D:4      | Noticed an ogre
  2353 | D:4      | Demolished by an ogre

Levels and vault maps discovered:
D:1:      sevenhm_arrival_forest_fort_large_2, layout_loops_ring
D:2:      layout_basic, chequers_temple_overflow_statue_of_worship
D:3:      layout_rooms, lemuel_zombie_altar_kikubaaqudgha, first_ration
D:4:      layout_loops_ring, minmay_temple_entry_statues_pillars

Skill      XL: |  1  2  3  4  5 |
---------------+----------------+-----
Conjurations   | 5 6 |  6.8
Spellcasting   | 4 5 |  5.2
Dodging        | |  2.4
Stealth        | |  2.4

Action                   |  1- 3 |  4- 6 || total
-------------------------+-------+-------++-------
Melee: Unarmed           |       |     1 ||     1
Throw: Throwing net      |     1 |       ||     1
 Cast: Magic Dart        |    61 |    60 ||   121
       Searing Ray       |       |     4 ||     4
       Dazzling Spray    |       |     2 ||     2
       Iskenderun's Myst |       |     1 ||     1
  Eat: Chunk             |       |     4 ||     4
Armor: Robe              |     2 |     2 ||     4
Dodge: Dodged            |     7 |     9 ||    16
